AoeStats
← EL LEON

Arabia

510430822Analyzed
1v1 RM · 2d ago on Oct 1, 2026· 37m 39s· 2 players
Game mode
Random Map
Map size
Tiny (2 player)
Population
200
Speed
Normal
Resources
Standard
Victory
Conquest
Starting age
Dark Age
Ending age
Imperial Age
RankedLock teamsTeams togetherTeam positionsShared explorationLock speedFull tech treeHidden civsTurbo modeCheats
Victory
Defeat
🇦🇷 Teutons · Argentina
1063
+17
🇦🇷 Vietnamese · Argentina
1077
-17
biper
3:38 Loom
11:25 Feudal Age
11:54 Double-Bit Axe
12:00 Horse Collar
20:37 Castle Age
19:04 Gold Mining
19:08 Stone Mining
21:35 Bow Saw
25:48 Stone Shaft Mining
28:30 Fletching
31:58 Imperial Age
30:35 Sanctity
30:53 Ballistics
31:03 Masonry
31:42 Wheelbarrow
31:53 Bodkin Arrow
34:29 Chemistry
36:52 Guard Tower
37:59 Conscription
EL LEON
0:26 Loom
13:52 Feudal Age
14:34 Double-Bit Axe
17:10 Man-at-Arms
19:14 Wheelbarrow
18:26 Horse Collar
18:43 Arson
23:15 Gold Mining
23:15 Stone Mining
26:34 Castle Age
27:19 Squires
28:40 Stone Shaft Mining
28:07 Heavy Plow
27:50 Light Cavalry
28:53 Bow Saw
Connection lost

Rejoining the realm…

Still unreachable

The connection could not be restored.

Session expired

The server has moved on; the page needs a fresh start.